 Dungeon Crawl Stone Soup version 0.20-a0-350-ga83eecc (webtiles) character file.

2890 Goblin1989 the Chopper (level 9, -6/86 HPs)
             Began as a Deep Dwarf Wanderer on Dec 25, 2016.
             Was a Believer of Makhleb.
             Mangled by a two-headed ogre
             ... wielding a +0 giant club
              (13 damage)
             ... on level 8 of the Dungeon.
             The game lasted 00:25:30 (5386 turns).

Goblin1989 the Chopper (Deep Dwarf Wanderer)        Turns: 5386, Time: 00:25:31

Health: -6/86      AC: 15    Str: 22    XL:     9   Next: 48%
Magic:  4/4        EV: 10    Int: 11    God:    Makhleb [**....]
Gold:   428        SH:  0    Dex: 11    Spells: 10/10 levels left

rFire  . . .     SeeInvis +     a - +0 hand axe
rCold  + . .     Gourm    .     k - +0 chain mail
rNeg   . . .     Faith    .     (no shield)
rPois  .         Spirit   .     (no helmet)
rElec  .         Reflect  .     t - +0 cloak
rCorr  .         Harm     .     d - +1 pair of gloves
MR     +....                    y - +0 pair of boots
Stlth  ..........               (no amulet)
                                s - ring of see invisible
                                c - ring of protection from cold

@: non-regenerating
A: damage resistance, recharge devices, sense surroundings 2, slow regeneration
3
a: Heal Wounds, Minor Destruction, Renounce Religion


You were on level 8 of the Dungeon.
You worshipped Makhleb.
Makhleb was pleased with you.
You were not hungry.

You visited 2 branches of the dungeon, and saw 9 of its levels.

You collected 428 gold pieces.

Inventory:

Hand Weapons
 a - a +0 hand axe (weapon)
 b - a +0 whip of freezing
 D - the +7 short sword of Strategic Superiority {holy, rElec MR+ Int+6 Dex-3}
   (You found it on level 6 of the Dungeon)

   It has been blessed by the Shining One to cause great damage to the undead
   and demons.
   It affects your intelligence (+6).
   It affects your dexterity (-3).
   It insulates you from electricity.
   It affects your resistance to hostile enchantments.
 E - a +3 flail of crushing
Missiles
 Z - a throwing net (quivered) {=f, !d}
Armour
 d - a +1 pair of gloves (worn)
 k - a +0 chain mail (worn)
 t - a +0 cloak (worn)
 y - a +0 pair of boots (worn)
Jewellery
 c - a ring of protection from cold (left hand)
 s - a ring of see invisible (right hand)
Wands
 u - a wand of flame (3/48)
 x - a wand of slowing (15/48)
Scrolls
 e - 2 scrolls of enchant weapon {unknown}
 g - 2 scrolls of blinking {unknown}
 l - 4 scrolls of remove curse {unknown}
 m - 9 scrolls of identify {unknown}
 n - 2 scrolls of magic mapping {unknown}
 o - a scroll of noise {unknown}
 r - 2 scrolls of recharging {unknown}
 v - 3 scrolls of teleportation {unknown}
 z - 2 scrolls of enchant armour {unknown}
Potions
 h - a potion of haste {!q, @q3}
Comestibles
 f - 4 bread rations {@e1}
 i - 2 slices of pizza
 j - 7 beef jerkies
 p - 2 fruits
 q - 9 royal jellies


   Skills:
 + Level 7.3 Fighting
 * Level 7.6 Axes
   Level 1.0 Staves
 + Level 7.3 Armour
 + Level 4.1 Dodging
   Level 1.1 Shields
 - Level 1.0 Spellcasting
   Level 1.0 Charms
   Level 1.3 Earth Magic
 + Level 3.0 Invocations
 - Level 1.3 Evocations


You had 10 spell levels left.
You didn't know any spells.

Dungeon Overview and Level Annotations

Branches:
Dungeon (8/15)             Temple (1/1) D:4
   Lair: D:8-11

Altars:
Ashenzari
Cheibriados
Dithmenos
Elyvilon
Gozag
Hepliaklqana
Kikubaaqudgha
Makhleb
Nemelex Xobeh
Qazlal
Sif Muna
Uskayaw
Vehumet
Xom
Yredelemnul
Zin
The Shining One

Shops:
D:4 }


Innate Abilities, Weirdness & Mutations

You are resistant to damage.
You can recharge devices by infusing magical energy.
You passively map the area around you.
You do not regenerate.


Message History

You hit the two-headed ogre but do no damage.
The two-headed ogre is almost dead.
You hit the orc warrior but do no damage.
You barely miss the centaur. The two-headed ogre misses you.
The two-headed ogre hits you with a giant club!
* * * LOW HITPOINT WARNING * * *
The centaur hits you.
* * * LOW HITPOINT WARNING * * *
You take 18 damage, and have 12/86 hp.
MASSIVE DAMAGE!!
Your chain mail prevents you from hitting the two-headed ogre.
The two-headed ogre is almost dead.
Your chain mail prevents you from hitting the orc.
You hit the orc warrior but do no damage.
You hit the orc. You closely miss the centaur.
The centaur hits you but does no damage.
The orc warrior hits you with a short sword.
* * * LOW HITPOINT WARNING * * *
The orc hits you but does no damage. x2
The two-headed ogre hits you with a giant club!
You die...

▓ · · ≈≈≈··
....██████ · ·
....█....█ ▓
█........█ · · ·
· ·█.(......█ ·
▓ █........█ ▓ ·
· ·· █........█▓
▓ · ▓█oOc.....█.
·· ·█o@o.......
▓ ▓ █.(........
· · ·▓ ·
█.(......█ · ▓ ·
▓. ▓█........█ ·
▓ ▓ .≈
··█.(..█████· ·
▓ ∆∆∆████....█
▓· · ·
.≈.........███
.█ ·
.≈...........█
█.█
··.≈........██.█
█.█


You could see a two-headed ogre, an orc warrior, a centaur and 2 orcs.

Vanquished Creatures
  Pikel (D:3)
  A hornet (D:7)
  A hungry ghost (D:8)
  2 soldier ants
  An orc warrior (D:6)
  A phantom (D:8)
  A necrophage (D:6)
  2 centaurs
  A big kobold (D:8)
  2 bullfrogs
  A scorpion (D:7)
  6 killer bees (D:7)
  2 howler monkeys
  A crimson imp (D:7)
  A quasit (D:7)
  2 jellies
  2 hounds
  6 orc priests
  5 orc wizards
  4 iguanas
  A worker ant (D:8)
  A hound skeleton (D:8)
  9 adders
  A shadow imp (D:6)
  2 oozes
  An adder skeleton (D:4)
  5 worms
  2 dart slugs
  5 leopard geckos
  19 orcs
  3 giant cockroaches
  14 goblins
  5 hobgoblins
  7 jackals
  17 kobolds
  A quokka (D:7)
  A ball python (D:4)
  6 bats
  6 frilled lizards
  A quokka skeleton (D:4)
  2 rats
152 creatures vanquished.

Vanquished Creatures (others)
  A big kobold (D:8)
1 creature vanquished.

Grand Total: 153 creatures vanquished

Notes
Turn   | Place    | Note
-------+----------+-------------------------------------------
     0 | D:1      | Goblin1989 the Deep Dwarf Wanderer began the quest for the Orb.
     0 | D:1      | Goblin1989 set off with: a +0 leather armour, a potion of curing {@q1}, a +0 quarterstaff, a bread ration {@e1}, 2 throwing nets {=f, !d}
     0 | D:1      | Reached XP level 1. HP: 19/19 MP: 2/2
    49 | D:1      | Reached XP level 2. HP: 24/27 MP: 3/3
   480 | D:2      | Reached XP level 3. HP: 22/34 MP: 3/3
  1034 | D:3      | Reached skill level 1 in Armour
  1034 | D:3      | Reached XP level 4. HP: 24/44 MP: 4/4
  1504 | D:4      | Found Qapp's Gadget Emporium.
  1513 | D:4      | Noticed a slave
  1513 | D:4      | Noticed a slave
  1515 | D:4      | Noticed a slave
  1517 | D:4      | Noticed a slave
  1519 | D:4      | Noticed Pikel
  1647 | D:3      | Killed Pikel
  1647 | D:3      | Reached skill level 5 in Fighting
  1647 | D:3      | Reached XP level 5. HP: 18/55 MP: 4/4
  1647 | D:3      | Reached XP level 6. HP: 20/62 MP: 5/5
  1647 | D:3      | Reached XP level 7. HP: 22/68 MP: 6/6
  1656 | D:3      | Reached skill level 5 in Armour
  1772 | D:4      | Found a staircase to the Ecumenical Temple.
  1781 | Temple   | Entered the Ecumenical Temple
  1904 | Temple   | Became a worshipper of Makhleb the Destroyer
  2289 | D:5      | Entered Level 5 of the Dungeon
  2373 | D:5      | Reached skill level 1 in Axes
  3043 | D:6      | Got a smoking short sword
  3044 | D:6      | Identified the +7 short sword of Strategic Superiority {holy, rElec MR+ Int+6 Dex-3} (You found it on level 6 of the Dungeon)
  3265 | D:6      | Reached XP level 8. HP: 41/76 MP: 7/7
  3381 | D:6      | Reached * piety under Makhleb
  3499 | D:6      | Reached skill level 5 in Axes
  4380 | D:7      | Reached ** piety under Makhleb
  4488 | D:7      | Gained mutation: You passively map the area around you. [Deep Dwarf growth]
  4488 | D:7      | Reached XP level 9. HP: 43/86 MP: 6/6
  4646 | D:8      | Reached skill level 1 in Invocations
  4818 | D:8      | Found an ancient bone altar of Kikubaaqudgha.
  5170 | D:8      | Paralysed by a hornet for 3 turns
  5181 | D:8      | Paralysed by a hornet for 3 turns
  5229 | D:7      | Paralysed by a hornet for 3 turns
  5365 | D:8      | Noticed a two-headed ogre
  5386 | D:8      | Mangled by a two-headed ogre

Vault maps used:
D:1:      dpeg_arrival_pits, grunt_decor_arrowhead
D:2:      first_bread, minmay_misc_feat_cross
D:3:      kennysheep_generic_room_4
D:4:      corexii_shack_village, serial_shops, shop, uniq_pikel
D:5:      kennysheep_small_spiral, grunt_ministairs_3
D:7:      grunt_ministairs_2, minmay_misc_feat_nine_boxes
D:8:      argonaut_augean_stables, grunt_temple_overflow_bloody_war,
          old_standard_altar, grunt_decor_mini_mirrors,
          hangedman_pestilent_swarm, minmay_mini_ossuary
Temple:   eino_narrow_crystal_temple

Skill      XL: |  1  2  3  4  5  6  7  8  9 |
---------------+----------------------------+-----
Fighting       | 2 3 4 5 6 7 |  7.3
Armour         | 1 4 5 6 7 |  7.3
Axes           | 3 6 7 |  7.6
Dodging        | 3 4 |  4.1
Invocations    | 3 |  3.0
Staves         | |  1.0
Shields        | |  1.1
Spellcasting   | |  1.0
Charms         | |  1.0
Earth Magic    | |  1.3
Evocations     | |  1.3

Action                   |  1- 3 |  4- 6 |  7- 9 || total
-------------------------+-------+-------+-------++-------
Melee: Quarterstaff      |   140 |    59 |     3 ||   202
       Hand axe          |       |       |   592 ||   592
       Flail             |       |       |    67 ||    67
       Whip              |       |       |    10 ||    10
       Short sword       |       |       |     9 ||     9
Throw: Throwing net      |       |       |     2 ||     2
 Abil: Heal Wounds       |     3 |     2 |    28 ||    33
Evoke: Wand              |       |       |    15 ||    15
  Use: Potion            |       |     1 |     8 ||     9
 Stab: Held in net/web   |       |       |     1 ||     1
  Eat: Chunk             |       |     3 |    12 ||    15
       Bread ration      |       |       |     1 ||     1
Armor: Leather armour    |    24 |       |       ||    24
       Chain mail        |    24 |    52 |   545 ||   621
Dodge: Dodged            |    80 |    46 |   420 ||   546

Vault maps used:
D:1:      dpeg_arrival_pits, grunt_decor_arrowhead
D:2:      first_bread, minmay_misc_feat_cross
D:3:      kennysheep_generic_room_4
D:4:      corexii_shack_village, serial_shops, shop, uniq_pikel
D:5:      kennysheep_small_spiral, grunt_ministairs_3
D:7:      grunt_ministairs_2, minmay_misc_feat_nine_boxes
D:8:      argonaut_augean_stables, grunt_temple_overflow_bloody_war,
          old_standard_altar, grunt_decor_mini_mirrors,
          hangedman_pestilent_swarm, minmay_mini_ossuary
Temple:   eino_narrow_crystal_temple
